AoeStats
← fbouser

Lombardia

510147875Analyzed
3v3 RM · 4d ago on Sep 29, 2026· 23m 8s· 6 players
Game mode
Random Map
Map size
Normal (6 player)
Population
200
Speed
Normal
Resources
Standard
Victory
Conquest
Starting age
Dark Age
Ending age
Imperial Age
RankedLock teamsTeams togetherTeam positionsShared explorationLock speedFull tech treeHidden civsTurbo modeCheats
Victory
Defeat
🇹🇷 Vietnamese · Türkiye
950
+16
🇦🇹 Hindustanis · Austria
922
+17
🇩🇰 Magyars · Denmark
900
+18
🇦🇷 Hindustanis · Argentina
962
-19
🇦🇷 Magyars · Argentina
944
-17
🇦🇷 Slavs · Argentina
906
-15
prayforgood
11:51 Feudal Age
10:07 Loom
10:34 Loom
14:34 Double-Bit Axe
18:48 Castle Age
17:24 Wheelbarrow
17:28 Stone Mining
17:28 Gold Mining
19:47 Horse Collar
22:06 Scale Mail Armor
22:12 Scale Barding Armor
22:09 Padded Archer Armor
Quila
7:21 Loom
9:40 Feudal Age
13:44 Fletching
20:18 Castle Age
20:25 Crossbowman
22:03 Thumb Ring
22:31 Double-Bit Axe
VinoToro
1:28 Loom
11:16 Feudal Age
CaroDaddy
4:34 Loom
4:52 Loom
9:46 Feudal Age
10:17 Double-Bit Axe
11:21 Gold Mining
16:06 Horse Collar
21:32 Castle Age
19:49 Bloodlines
19:51 Scale Barding Armor
19:46 Scale Mail Armor
23:15 Heavy Plow
23:28 Bow Saw
22:57 Pikeman
23:37 Squires
fbouser
5:02 Loom
10:03 Feudal Age
10:48 Double-Bit Axe
19:08 Castle Age
17:11 Fletching
17:14 Horse Collar
17:32 Gold Mining
Tommy Gun
6:59 Loom
9:50 Feudal Age
11:27 Double-Bit Axe
18:46 Horse Collar
21:36 Castle Age
Connection lost

Rejoining the realm…

Still unreachable

The connection could not be restored.

Session expired

The server has moved on; the page needs a fresh start.